 Dungeon Crawl Stone Soup version 0.30-a0-867-g305f33218d (webtiles) character file.

Game seed: 12908191312485809324

162 jasper the Magician (level 5, -8/46 HPs)
             Began as a Naga Hexslinger on Mar 10, 2023.
             Killed from afar by Ijyb (23 damage)
             ... with a bolt of light
             ... on level 4 of the Dungeon.
             The game lasted 00:06:27 (2357 turns).

jasper the Magician (Naga Hexslinger)               Turns: 2357, Time: 00:06:28

Health: -8/46      AC:  6    Str: 16    XL:     5   Next: 43%
Magic:  10/10      EV: 10    Int: 19    God:
Gold:   18         SH:  0    Dex: 16    Spells: 11/11 levels left

rFire   . . .      SeeInvis +    h - +2 sling (flame)
rCold   . . .      Faith    .    (no shield)
rNeg    . . .      Spirit   .    f - +4 robe of Augmentation {Str+4 Int+4 Dex+4}
rPois   +          Reflect  .    (no helmet)
rElec   .          Rampage  .    (no cloak)
rCorr   .                        (no gloves)
Will    .....                    (no barding)
Stlth   +                        (no amulet)
HPRegen 0.27/turn                (no ring)
MPRegen 0.12/turn                (no ring)

@: confused, short of breath, very slow
A: AC +1, large, see invisible, deformed body, poison resistance, slowness 2,
spit poison 1, naga tail 1
a: Spit Poison


You were on level 4 of the Dungeon.
You visited 1 branch of the dungeon, and saw 4 of its levels.

You collected 165 gold pieces.
You spent 147 gold pieces at shops.

Inventory:

Hand Weapons
 a - a +1 sling
 h - a +2 sling of flaming (weapon)
Armour
 c - a +0 robe
 f - the +4 robe of Augmentation (worn) {Str+4 Int+4 Dex+4}
   (You found it on level 3 of the Dungeon)

   Str:       It affects your strength (+4).
   Int:       It affects your intelligence (+4).
   Dex:       It affects your dexterity (+4).
Scrolls
 b - 3 scrolls of poison
 d - 3 scrolls of identify
 g - a scroll of vulnerability
Potions
 e - a potion of flight


   Skills:
 + Level 2.7 Fighting
 - Level 1.7 Ranged Weapons
 + Level 2.0 Dodging
 * Level 3.6 Spellcasting
 - Level 3.0 Hexes


You had 11 spell levels left.
You didn't know any spells.
Your spell library contained the following spells:

 Spells                   Type           Power      Damage    Failure   Level
 Slow                     Hex            56%        N/A       4%          1
 Inner Flame              Hex/Fire       9%         N/A       22%         3
 Portal Projectile        Hex/Tloc       18%        N/A       22%         3
 Cause Fear               Hex            7%         N/A       38%         4


Dungeon Overview and Level Annotations

Branches:
Dungeon (4/15)
 Temple: D:4-7

Altars:
Wu Jian

Shops:
D:1 *

Annotations:
D:4 Ijyb


Innate Abilities, Weirdness & Mutations

Your serpentine skin is tough. (AC +1)
You have supernaturally acute eyesight. (SInv)
Armour fits poorly on your strangely shaped body.
Your system is resistant to poisons. (rPois)
You cover ground very slowly.
You can spit poison.
You have a snake-like lower body.


Message History

You shoot a sling bullet. The sling bullet barely misses Ijyb.
You have got your breath back.
Ijyb hits you but does no damage.
Fire: h) +2 sling (flame)
Press: ? - help, Q - select action, (/) - cycle Shift-Dir - straight line, f/p - Ijyb
Aim: Ijyb, wielding a +0 dagger, wearing a +4 chain mail of cold resistance and carrying a wand of light (6) (60% to hit)
You shoot a sling bullet. The sling bullet hits Ijyb.
The sling bullet burns Ijyb.
Ijyb is moderately wounded.
Ijyb hits you with a +0 dagger.
You take 4 damage, and have 42/46 hp.
Aiming: Spit Poison (1% risk of failure)
Press: ? - help, Shift-Dir - straight line, f/p - Ijyb
Aim: Ijyb, wielding a +0 dagger, wearing a +4 chain mail of cold resistance and carrying a wand of light (6) (moderately wounded, 59% to hit)
The splash of poison hits Ijyb.
Ijyb is heavily wounded.
Ijyb hits you with a +0 dagger.
You take 3 damage, and have 39/46 hp.
Fire: h) +2 sling (flame)
Press: ? - help, Q - select action, (/) - cycle Shift-Dir - straight line, f/p - Ijyb
Aim: Ijyb, wielding a +0 dagger, wearing a +4 chain mail of cold resistance and carrying a wand of light (6) (heavily wounded, 60% to hit)
You shoot a sling bullet.
The sling bullet hits Ijyb but does no damage.
Ijyb is heavily wounded.
Ijyb hits you but does no damage.
Fire: h) +2 sling (flame)
Press: ? - help, Q - select action, (/) - cycle Shift-Dir - straight line, f/p - Ijyb
Aim: Ijyb, wielding a +0 dagger, wearing a +4 chain mail of cold resistance and carrying a wand of light (6) (heavily wounded, 60% to hit)
You shoot a sling bullet. The sling bullet barely misses Ijyb.
Ijyb hits you with a +0 dagger.
Ijyb zaps a wand.
The bolt of light hits you!!
You are confused.
You take 21 damage, and have 19/46 hp.
MASSIVE DAMAGE!!
Okay, then.
Ijyb hits you with a +0 dagger.
You take 5 damage, and have 14/46 hp.
You barely miss Ijyb.
Ijyb is heavily wounded.
Ijyb zaps a wand.
The bolt of light hits you!!
Ouch! That really hurt!
You die...

..##.........#
#.# #.#
..##.........#
#.# #.#
..##.........#
#.####.#
..''.........+
.>...#.#
..##.........#
#.##.#.#
..##...###...#
#.#..#.#
..##...# )..#
#.##.#.#
..###### ...#
#...<..#
..#### ...#
#@######
.....#
...+...g......
.....#
...###.#######
.....# ...#
#.# .....# #.#
.....# ...
.....# ...
....## ...
....#


You could see Ijyb.

Vanquished Creatures
  A gnoll bouda (D:3)
  3 gnolls (D:3)
  3 adders
  4 dart slugs
  An orc (D:3)
  3 ball pythons
  5 bats
  7 endoplasms
  6 giant cockroaches
  8 goblins
  6 hobgoblins
  8 jackals (D:2)
  A quokka (D:2)
  3 frilled lizards
  2 kobolds
  A rat (D:1)
62 creatures vanquished.

Notes
Turn   | Place    | Note
-------+----------+-------------------------------------------
     0 | D:1      | jasper the Naga Hexslinger began the quest for the Orb.
     0 | D:1      | Reached XP level 1. HP: 18/18 MP: 2/2
    13 | D:1      | Noticed an electric eel
   108 | D:1      | Reached XP level 2. HP: 21/25 MP: 2/4
   253 | D:1      | Found Caha's General Store.
   342 | D:1      | Reached XP level 3. HP: 31/32 MP: 6/6
  1158 | D:2      | Reached XP level 4. HP: 39/39 MP: 8/8
  1406 | D:2      | Found a faded altar of an unknown god.
  1717 | D:3      | Found the +4 robe of Augmentation {Str+4 Int+4 Dex+4}
  1847 | D:3      | Reached XP level 5. HP: 41/46 MP: 8/10
  2069 | D:4      | Found an ornate altar of the Wu Jian Council.
  2228 | D:1      | Bought a +2 sling of flaming for 147 gold pieces
  2348 | D:4      | Noticed Ijyb
  2357 | D:4      | Killed from afar by Ijyb

Illustrated notes

Levels and vault maps discovered:
D:1:      arrival_aquarium_a, layout_loops_ring, serial_shops,
          nicolae_shop_waterfront, fountainhead, moated_statue
D:2:      layout_basic, hellmonk_ecumenical_altar_inner_sanctum
D:3:      layout_rooms
D:4:      layout_basic, overflow_temple_1_default, lemuel_tele_altar,
          amcnicky_altar_gilded, mainiacjoe_overflow_six_doors_small,
          minmay_ogre_servants, uniq_ijyb

Skill      XL: |  1  2  3  4  5 |
---------------+----------------+-----
Spellcasting   | 2 3 |  3.6
Fighting       | 2 |  2.7
Dodging        | 2 |  2.0
Ranged Weapons | |  1.7
Hexes          | |  3.0

Action                     |  1- 3 |  4- 6 || total
---------------------------+-------+-------++-------
  Melee: Sling             |       |     1 ||     1
   Fire: Sling             |    85 |    71 ||   156
   Cast: Slow              |     1 |       ||     1
Ability: Spit Poison       |    10 |    14 ||    24
    Use: Scroll            |     4 |     2 ||     6
         Potion            |       |     1 ||     1
 Armour: Robe              |     5 |    11 ||    16
  Dodge: Dodged            |    21 |    28 ||    49

Table legend: (Time is in decaauts)
 A = Elapsed time spent in this place.
 B = Non-inter-level travel time spent in this place.
 C = Inter-level travel time spent in this place.
 D = Time resting spent in this place.
 E = Time spent auto-exploring this place.
 F = Levels seen in this place.
 G = Mean time per level.
                   A        B        C        D        E       F      G
               +--------+--------+--------+--------+--------+-----+--------+
         Total |   3166 |   2737 |    429 |     59 |   2268 |   4 |  791.5 |
       Dungeon |   3166 |   2737 |    429 |     59 |   2268 |   4 |  791.5 |
               +--------+--------+--------+--------+--------+-----+--------+

Top non-repeatable levels by time:
     D:2: 1358 daAuts
     D:1: 1104 daAuts
     D:3: 606 daAuts
     D:4: 96 daAuts
